 Dungeon Crawl Stone Soup version 0.26-a0-1139-g7d2dc893a1 (webtiles) character file.

Game seed: 11974848256889309685

1325 pkoi the Carver (level 8, -1/62 HPs)
             Began as a Minotaur Gladiator on Dec 21, 2020.
             Was a Follower of Okawaru.
             Killed from afar by an orc wizard (8 damage)
             ... with a magic dart
             ... on level 5 of the Dungeon.
             The game lasted 00:07:38 (5975 turns).

pkoi the Carver (Minotaur Gladiator)                Turns: 5975, Time: 00:07:38

Health: -1/62      AC: 13    Str: 27    XL:     8   Next: 34%
Magic:  0/9        EV: 12    Int:  5    God:    Okawaru [*.....]
Gold:   274        SH:  0    Dex: 12    Spells: 7/7 levels left

rFire    . . .     SeeInvis .   a - +1 long sword
rCold    . . .     Faith    .   (no shield)
rNeg     . . .     Spirit   +   o - +0 chain mail
rPois    .         Reflect  .   c - +0 hat
rElec    .         Harm     .   (no cloak)
rCorr    .         Rampage  .   x - +0 pair of gloves
Will     .....                  j - +1 pair of boots
Stlth    ..........             w - amulet of guardian spirit
HPRegen  0.20/turn              b - +6 ring of strength
MPRegen  0.11/turn              (no ring)

@: heroism
A: retaliatory headbutt, horns 2
a: Renounce Religion, Heroism


You were on level 5 of the Dungeon.
You worshipped Okawaru.
Okawaru was aware of your devotion.
You visited 2 branches of the dungeon, and saw 7 of its levels.

You collected 274 gold pieces.

Inventory:

Hand Weapons
 a - a +1 long sword (weapon)
Missiles
 d - 4 throwing nets (quivered)
 s - 7 boomerangs
 C - 4 javelins
Armour
 c - a +0 hat (worn)
 j - a +1 pair of boots (worn)
 o - a +0 chain mail (worn)
 x - a +0 pair of gloves (worn)
Jewellery
 b - a +6 ring of strength (left hand)
 e - an uncursed amulet of the acrobat
 l - an uncursed ring of poison resistance {unknown}
 q - an uncursed ring of fire
 t - an uncursed amulet of magic regeneration
 w - an amulet of guardian spirit (around neck)
Scrolls
 g - 2 scrolls of identify
 u - 2 scrolls of remove curse
 y - 2 scrolls of fear
 A - a scroll of fog
 B - a scroll of enchant weapon
 D - a scroll of magic mapping {unknown}
Potions
 f - a potion of flight
 h - 3 potions of haste {unknown}
 i - 2 potions of berserk rage
 k - a potion of mutation {unknown}
 m - a potion of brilliance
 n - 3 potions of heal wounds {unknown}
 p - a potion of cancellation
 r - a potion of lignification
 v - a potion of degeneration {unknown}
 z - a potion of curing {unknown}


   Skills:
 - Level 2.4(7.4) Fighting
 + Level 11.6(16.6) Long Blades
 - Level 2.0(7.0) Throwing
 - Level 3.2(8.2) Dodging
 + Level 3.4 Invocations


You had 7 spell levels left.
You didn't know any spells.
Your spell library contained the following spells:

 Spells                   Type           Power        Failure   Level
 Confusing Touch          Hex            0%           100%        3
 Gell's Gravitas          Tloc           0%           100%        3
 Petrify                  Tmut/Erth      0%           100%        4
 Metabolic Englaciation   Hex/Ice        0%           100%        5
 Yara's Violent Unravell  Hex/Tmut       0%           100%        5


Dungeon Overview and Level Annotations

Branches:
Dungeon (6/15)             Temple (1/1) D:4

Altars:
Cheibriados
Elyvilon
Gozag
Hepliaklqana
Makhleb
Nemelex Xobeh
Okawaru
Qazlal
Ru
Trog
Uskayaw
Wu Jian
Yredelemnul
Zin


Innate Abilities, Weirdness & Mutations

You reflexively headbutt those who attack you in melee.
You have a pair of horns on your head.


Message History

Unknown command.
Unknown command.
You gain the combat prowess of a mighty hero.
The orc barely misses you.
The orc wizard hits you but does no damage.
The orc warrior hits you with a +0 hand axe.
Unknown command.
You hit the orc warrior but do no damage.
The orc completely misses you.
You hit the orc warrior but do no damage.
Your headbutt misses the orc warrior. The orc wizard casts a spell at you.
The magic dart hits you.
The orc warrior hits you with a +0 hand axe!
* * * LOW HITPOINT WARNING * * *
The orc closely misses you.
You hit the orc warrior but do no damage.
The orc wizard points at you and mumbles some strange words.
The magic dart hits you!
You die...

...........#.............#
...........#.............#
...........#.............#
...........#.............#
...........#..........>..#
....########.............#
###'###..........#########
......#........oo#
......#........o@#
......#..........#
......#........[.#
......#..........#
#######..........#
.....(...........#########
.......#####.............#
.......#..('.............#
.......#...#.............#


You could see an orc warrior, an orc wizard and an orc.

Vanquished Creatures
  Sigmund (D:5)
  A phantom (D:5)
  An ice beast (D:5)
  A sky beast (D:5)
  A black bear (D:4)
  2 ogres (D:4)
  A scorpion (D:4)
  2 jellies
  3 orc priests
  A hound (D:4)
  3 orc wizards
  6 worker ants
  4 gnolls (D:2)
  4 adders
  A shadow imp (D:5)
  An ufetubus (D:5)
  3 adder skeletons (D:5)
  2 worms (D:3)
  A dart slug (D:2)
  4 leopard geckos
  15 orcs
  A giant cockroach (D:3)
  6 goblins
  7 hobgoblins
  6 jackals
  12 kobolds
  4 quokkas
  2 ball pythons
  8 bats
  5 frilled lizards
  2 leopard gecko skeletons
  9 rats
120 creatures vanquished.

Vanquished Creatures (others)
  A quokka (D:4)
1 creature vanquished.

Grand Total: 121 creatures vanquished

Notes
Turn   | Place    | Note
-------+----------+-------------------------------------------
     0 | D:1      | pkoi the Minotaur Gladiator began the quest for the Orb.
     0 | D:1      | Reached XP level 1. HP: 18/18 MP: 0/0
   207 | D:1      | Reached skill level 4 in Long Blades
   316 | D:1      | Reached XP level 2. HP: 25/25 MP: 1/1
   788 | D:1      | Reached skill level 5 in Long Blades
   925 | D:2      | Reached XP level 3. HP: 23/30 MP: 2/2
  1148 | D:2      | Reached skill level 6 in Long Blades
  1148 | D:2      | Reached XP level 4. HP: 19/37 MP: 3/3
  1617 | D:2      | Found an opulent altar of Gozag.
  2308 | D:3      | Reached XP level 5. HP: 41/42 MP: 4/4
  2393 | D:3      | Reached skill level 7 in Long Blades
  2749 | D:3      | Upgraded the game from 0.26-a0-1132-ge9770dfcb6 to
                  | 0.26-a0-1139-g7d2dc893a1
  3471 | D:3      | Reached skill level 8 in Long Blades
  3614 | D:4      | Reached XP level 6. HP: 39/50 MP: 3/5
  3892 | D:4      | Reached skill level 9 in Long Blades
  4256 | D:4      | Found a staircase to the Ecumenical Temple.
  4270 | D:4      | Reached XP level 7. HP: 56/56 MP: 6/6
  4281 | Temple   | Entered the Ecumenical Temple
  4467 | Temple   | Became a worshipper of Warmaster Okawaru
  4512 | D:4      | Reached skill level 10 in Long Blades
  4616 | D:4      | Found a white marble altar of Elyvilon.
  4638 | D:4      | Reached * piety under Okawaru
  4807 | D:5      | Entered Level 5 of the Dungeon
  4974 | D:5      | Reached skill level 11 in Long Blades
  5162 | D:5      | Noticed Sigmund
  5169 | D:5      | Killed Sigmund
  5170 | D:5      | Reached XP level 8. HP: 61/62 MP: 4/8
  5911 | D:4      | Found a sacrificial altar of Ru.
  5975 | D:5      | Killed from afar by an orc wizard

Illustrated notes

Levels and vault maps discovered:
D:1:      onia_arrival_mini_spirals, layout_basic, serial_bayou_pond_c,
          minmay_misc_feat_alley, minivault_24, serial_bayou_pond_b,
          supply_closet_lemuel
D:2:      layout_rooms, grunt_gozag_breadcrumbs
D:3:      layout_loops_corners
D:4:      black_bear_nest_1, layout_rooms, nicolae_overflow_hidden_temple,
          minmay_temple_entry_mist, elyvilon_altar_4
D:5:      minmay_bubble_buster, layout_gridville, uniq_sigmund
D:6:      minmay_flawed_box, layout_cave_pools
Temple:   minmay_temple_curvy_loop

Skill      XL: |  1  2  3  4  5  6  7  8 |
---------------+-------------------------+-----
Long Blades    | 4 5 6 8 9 11 | 11.6
Invocations    | 2 3 |  3.4
Fighting       | |  2.4
Throwing       | |  2.0
Dodging        | |  3.2

Action                   |  1- 3 |  4- 6 |  7- 9 || total
-------------------------+-------+-------+-------++-------
Melee: Long sword        |    58 |   138 |    82 ||   278
       Headbutt          |     7 |    25 |    20 ||    52
Invok: Heroism           |       |       |     2 ||     2
  Use: Scroll            |       |    13 |       ||    13
Armor: Leather armour    |    13 |       |       ||    13
       Chain mail        |     5 |    55 |    38 ||    98
Dodge: Dodged            |    58 |    69 |    50 ||   177
       Rpst.: Long sword |    11 |    22 |    11 ||    44

Table legend: (Time is in decaauts)
 A = Elapsed time spent in this place.
 B = Non-inter-level travel time spent in this place.
 C = Inter-level travel time spent in this place.
 D = Time resting spent in this place.
 E = Time spent auto-exploring this place.
 F = Levels seen in this place.
 G = Mean time per level.
                   A        B        C        D        E       F      G
               +--------+--------+--------+--------+--------+-----+--------+
         Total |   5996 |   5583 |    413 |   1408 |   3297 |   7 |  856.6 |
       Dungeon |   5780 |   5396 |    384 |   1408 |   3118 |   6 |  963.3 |
        Temple |    215 |    186 |     29 |      0 |    179 |   1 |  215.0 |
               +--------+--------+--------+--------+--------+-----+--------+

Top non-repeatable levels by time:
     D:3: 1582 daAuts
     D:2: 1131 daAuts
     D:4: 1079 daAuts
     D:5: 1071 daAuts
     D:1: 898 daAuts
  Temple: 215 daAuts
     D:6: 16 daAuts
